Unix NetHack Version 5.0.0-0 post-release - last build Jun 10 2026 00:39:30 (3ee93aec679c4c4259841fe613dc97188e26a321,branch:main).

Game began 2026-06-15 00:30:33, ended 2026-06-15 01:03:55.

DaveT, lawful male human Priest

                        --------------------------------#
                        |..............................|#                -----
                        | -+------..{)----------|-----.|#                |...|
                                 |....|)%|    |..|%%.-.|#############(###....|
                                 |....|G@|    |{.|%..|.|#                ....|
                                 |....||.     -------|.|#              # ....|
                          ---- ---....-[--           |.|#              *#.----
                          |...r........|f..-         |.|#              #*#
                          |    -.|-..#..- --         |.|#             #### #
                               ...--|--.|            |.|#            `######
                               |.  .. |.|            |.|#             # ***
 --------                      -- |.. -|-            |.|#              *  #
 |......|                         |.. |.             |.|#          #  -.--|---
 |..%(..|                         |.. |.             |..)#)#[[########.......|
 |.<....|#                        -------            -.|          ####.......|
 |..(....####%##########                             ..|          ## #..>....|
 |......|              #                            ----      ####### .......|
 --------              ######################################## ##    .......|
                                                               *      ...-----

DaveT the Adept              St:16 Dx:15 Co:13 In:9 Wi:18 Ch:11  Lawful
Dlvl:7  $:3110 HP:0(44) Pw:96(102) AC:-1 Xp:7 T:5119  Satiated Burdened

Latest messages:
 You hear crashing rock.
 The paper golem misses!
 You hit the monkey!
 The paper golem misses!
 The monkey hits!
 The monkey stole a cursed steel ring.
 The monkey tries to run away with your steel ring.
 You kill the monkey!
 The paper golem just misses!
 The gnomish wizard plays a horn directed at you!
 The bolt of fire misses the paper golem.
 The bolt of fire whizzes by you!
 Steam billows from the fountain.
 You hit the lizard!
 You kill the lizard!
 The paper golem hits!
 The killer bee stings!
 You kill the killer bee!
 The paper golem misses!
 You already found a monster.  Use 'm' prefix to force another search.
 The paper golem hits!
 The jaguar hits!
 The jaguar misses!
 The jaguar misses!
 The gnomish wizard plays a fire horn directed at you!
 The paper golem is destroyed by the bolt of fire!
 The bolt of fire hits you!
 Your wooden shield smoulders!
 You hear the howling of the CwnAnnwn...
 The gnomish wizard plays a fire horn directed at you!
 The bolt of fire whizzes by you!
 In what direction? .
 You feel better.
 The jaguar misses!
 The jaguar hits!
 The jaguar misses!
 The jaguar hits!
 The jaguar hits again!
 The jaguar just misses!
 The jaguar hits!
 The jaguar hits again!
 The jaguar misses!
 The gnomish wizard plays a fire horn directed at you!
 The gnome mummy is destroyed by the bolt of fire!
 The bolt of fire hits you!
 Your wooden shield smoulders further!
 You die...
 Maganasipi looks at your corpse, shakes her head, and sighs.
 Do you want your possessions identified? [ynq] (y) y
 Do you want to see your attributes? [ynq] (y) q

Inventory:
 Coins    ('$')
  $ - 3110 gold pieces
 Weapons  (')')
  q - 8 +0 darts
  G - a blessed +1 orcish dagger
  y - 2 +0 orcish daggers
  a - a blessed +5 mace (weapon in right hand)
 Armor    ('[')
  P - a +0 helm of brilliance (being worn)
  F - a +0 orcish helm
  H - a burnt +0 pair of high boots (being worn)
  D - a very burnt +0 shield of shock resistance (being worn)
  b - a blessed burnt +4 robe (being worn)
  Q - a +0 scale mail (being worn)
 Comestibles  ('%')
  e - a clove of garlic
  V - a cram ration
  i - 5 food rations
  f - a sprig of wolfsbane
  s - a tin of broiled kobold meat
 Scrolls  ('?')
  A - 2 scrolls of confuse monster
  Z - a cursed scroll of enchant weapon
  w - a scroll of fire
  g - 4 scrolls of identify
  c - a cursed scroll of taming
 Spellbooks  ('+')
  Y - a spellbook of detect monsters
  X - a spellbook of magic missile
 Potions  ('!')
  S - a cursed potion of gain energy
  j - a cursed potion of healing
  U - a potion of restore ability
  u - 2 potions of speed
  d - a potion of holy water
  k - a potion of water
 Rings    ('=')
  l - a cursed ring of cold resistance
 Wands    ('/')
  L - a wand of digging (0:6)
  v - a wand of digging (0:3)
  B - a wand of make invisible (0:7)
  x - a blessed wand of slow monster (0:6)
 Tools    ('(')
  C - a blindfold
  o - a cursed oil lamp
  p - a cursed oil lamp
  T - a +0 pick-axe
  M - a skeleton key
 Gems/Stones  ('*')
  m - an agate stone

DaveT the Priest's attributes:

Background:
 You were an Adept, a level 7 human Priest.
 You were lawful, on a mission for Blind Io
 who was opposed by The Lady (neutral) and Offler (chaotic).
 You were right-handed.
 You were in the Gnomish Mines, on level 7.
 You entered the dungeon 5119 turns ago.
 It was nighttime.
 There was a new moon in effect when your adventure ended.
 You had 761 experience points, 519 more were needed to attain level 8.

Basics:
 You had 0 out of 44 hit points.
 You had 96 out of 102 energy points (spell power).
 Your armor class was -1.
 Your wallet contained 3110 zorkmids.
 Autopickup was off.

Final Characteristics:
 Your strength was 16 (limit:18/100).
 Your dexterity was 15 (limit:18).
 Your constitution was 13 (limit:18).
 Your intelligence was 9 (limit:18).
 Your wisdom was 18 (limit:18).
 Your charisma was 11 (limit:18).

Final Status:
 You were satiated.
 You were burdened; movement was slightly slowed.
 You were wielding a mace.
 You had basic skill with mace.

Final Attributes:
 You were piously aligned.
 You were shock resistant.
 Your items were protected from electric shocks.
 You were guarded.
 Your spell casting was impaired by metallic armor, mitigated by your robe.
 You were fast.
 You are dead.

Miscellaneous:
 You encountered 1 bones level.
 Total elapsed playing time was 33 minutes and 20 seconds.

Major events:
 Turn
    1: DaveT the lawful human Priest entered the dungeon
 1163: attained the rank of Acolyte (level 3)
 2995: entered the Gnomish Mines
 4187: attained the rank of Adept (level 6)
 5039: reached Mine Town
 5119: killed by a bolt of fire played by a gnomish wizard

Spells:
 Name                 Level Category     Fail Retention
 healing                1   healing       13%   51%-75%
 detect food            2   divination    80%   51%-75%
 detect monsters        1   divination    31%  76%-100%
 magic missile          2   attack        80%  76%-100%

Skills:
 Fighting Skills
   bare handed combat [Unskilled]
 Weapon Skills
   club               [Unskilled]
   mace               [Basic]
   morning star       [Unskilled]
   flail              [Unskilled]
   hammer             [Unskilled]
   quarterstaff       [Unskilled]
   polearms           [Unskilled]
   spear              [Unskilled]
   trident            [Unskilled]
   lance              [Unskilled]
   bow                [Unskilled]
   sling              [Unskilled]
   crossbow           [Unskilled]
   dart               [Unskilled]
   shuriken           [Unskilled]
   boomerang          [Unskilled]
   unicorn horn       [Unskilled]
 Spellcasting Skills
   healing spells     [Unskilled]
   divination spells  [Unskilled]
   clerical spells    [Basic]

Voluntary challenges:
 Character rerolling was not enabled.
 You never genocided any monsters.
 You never polymorphed an object.
 You used no wishes.
Achievements:
 You entered a shop.
 You attained the rank of Acolyte.
 You entered the Gnomish Mines.
 You attained the rank of Adept.
 You entered Minetown.

 The Dungeons of Doom: levels 1 to 5
    Level 1:
    Level 2: "empty vault"
       An armor shop, many fountains, a sink, a grave.
    Level 3:
       A general store, a fountain.
    Level 4:
       A scroll shop, a fountain.
       Stairs down to The Gnomish Mines.
    Level 5:
 The Gnomish Mines: levels 5 to 8
    Level 5:
    Level 6:
    Level 7: <- You were here.
       A food shop, some fountains, a sink, a grave.
       Final resting place for
          you, killed by a bolt of fire played by a gnomish wizard,
          mvanity-Val-Dwa-Fem-Law, killed by a killer bee,
          Lanfaedhe-Kni-Hum-Fem-Law, killed by a jaguar.
    Level 8:


Vanquished creatures:
  2 ghosts
  a lizard
  a raven
  a gnome mummy
  2 Woodland-elves
  2 ponies
  a yellow light
  a shrieker
  3 gnome leaders
  a gnomish wizard
  a paper golem
  3 giant ants
  a floating eye
  a kitten
  4 dwarves
  a kobold leader
  2 rothes
  2 monkeys
  a werejackal
  2 iguanas
  2 killer bees
 an acid blob
  5 coyotes
  a hobbit
  a large kobold
  2 hobgoblins
  4 giant rats
  a cave spider
  2 brown molds
  a yellow mold
 17 gnomes
  a gnome zombie
 12 jackals
  3 foxes
  2 kobolds
  3 goblins
  2 sewer rats
  7 grid bugs
  5 lichens
  a kobold zombie
 11 newts
117 creatures vanquished.

No species were genocided or became extinct.

Game over:
                       ----------
                      /          \
                     /    REST    \
                    /      IN      \
                   /     PEACE      \
                  /                  \
                  |      DaveT       |
                  |     3110 Au      |
                  | killed by a bolt |
                  |  of fire played  |
                  |   by a gnomish   |
                  |      wizard      |
                  |       2026       |
                 *|     *  *  *      | *
        _________)/\\_//(\/(/\)/\//\/|_)_______

Goodbye DaveT the Priest...

You died in The Gnomish Mines on dungeon level 7 with 6303 points,
and 3110 pieces of gold, after 5119 moves.
You were level 7 with a maximum of 44 hit points when you died.

